Map: Hardwire LE

Players

RagnaroK (SHIN)

  • Race: Zerg Zerg
  • League: Master

Trap - Winner!

  • Race: Protoss Protoss

Event: TSL 8

VOD

Have the link to the VOD?

Description

Time

  • Played on: Dec. 5, 2021, 6:33 a.m.
  • Length: 10:41

All games in this series

Show
View Real Time Build Order
Export as new Build Order

RagnaroK Zerg 

Build Orders: Hatch First 

Get SALT Encoding   

  12  0:00  Drone  
  13  0:12  Overlord  
  13  0:16  Drone  
  14  0:31  Drone x2  
  14  0:35  Drone  
  17  0:51  Hatchery  
  17  0:55  Drone  
  17  0:58  Drone  
  18  1:09  Extractor  
  17  1:13  Spawning Pool  
  17  1:16  Drone  
  17  1:19  Drone  
  18  1:29  Drone  
  19  1:40  Drone  
  20  1:50  Drone  
  21  2:01  Zergling x2  
  22  2:03  Queen  
  22  2:04  Queen  
  22  2:05  Zergling x2  
  27  2:11  Overlord  
  27  2:14  Drone  
  28  2:22  Metabolic Boost  
  28  2:30  Drone x2  
  28  2:35  Hatchery  
  29  2:37  Drone  
  29  2:38  Drone  
  31  2:47  Queen  
  31  2:51  Overlord  
  33  2:54  Drone  
  33  2:55  Drone  
  35  2:59  Drone  
  36  3:07  Overlord  
  36  3:11  Drone x3  
  36  3:12  Drone  
  40  3:17  Drone  
  40  3:18  Drone  
  42  3:24  Queen  
  42  3:25  Spore Crawler  
  43  3:27  Drone  
  43  3:30  Queen  
  43  3:32  Drone  
  47  3:42  Drone x2  
  47  3:48  Drone  
  50  3:49  Drone  
  50  3:54  Roach Warren, Overlord  
  50  3:57  Drone x4  
  50  3:59  Zergling x4  
  50  4:01  Zergling x2  
  57  4:04  Overlord  
  57  4:07  Overlord  
  57  4:10  Overlord  
  57  4:16  Zergling x2  
  58  4:20  Overlord  
  58  4:23  Zergling x2  
  59  4:24  Zergling x2  
  59  4:30  Zergling x10  
  65  4:36  Roach x2  
  65  4:37  Roach x2  
  77  4:38  Roach x2  
  77  4:40  Zergling x2  
  77  4:41  Zergling x2  
  77  4:45  Zergling x2  
  80  4:49  Roach  
  82  4:55  Zergling x4  
  82  4:59  Zergling x2  
  77  5:02  Drone x4  
  77  5:03  Spore Crawler  
  77  5:04  Spore Crawler  
  79  5:07  Drone x4  
  79  5:12  Extractor  
  79  5:13  Extractor  
  85  5:14  Roach x3  
  87  5:23  Drone x2  
  87  5:25  Extractor  
  88  5:28  Overlord  
  86  5:36  Roach x2  
  86  5:37  Roach  
  86  5:41  Roach  
  88  5:42  Zergling x2  
  88  5:43  Zergling x4, Overlord x2  
  80  5:52  Zergling x6  
  80  6:00  Zergling x10  
  76  6:08  Roach  
  76  6:11  Drone x4  
  82  6:15  Drone  
  81  6:20  Drone  
  81  6:24  Drone x2  
  84  6:30  Drone  
  85  6:33  Drone x2, Lair  
  85  6:35  Drone  
  85  6:36  Drone  
  84  6:42  Drone x4  
  84  6:46  Drone x2  
  90  6:51  Ravager  
  90  6:52  Ravager x2  
  90  6:53  Ravager  
  94  6:55  Zergling x4  
  94  7:00  Zergling x2, Roach  
  98  7:04  Ravager  
  98  7:05  Zergling x4  
  98  7:08  Zergling x2, Roach  
  104  7:13  Zergling x6  
  107  7:19  Drone x3  
  111  7:22  Drone  
  111  7:23  Drone x2  
  111  7:26  Overlord  
  112  7:30  Overlord  
  112  7:32  Drone  
  112  7:36  Drone  
  114  7:40  Glial Reconstitution  
  114  7:44  Overlord  
  114  7:46  Roach x3  
  120  7:51  Overseer  
  120  7:53  Roach x2  
  120  7:57  Zergling x4, Roach  
  128  8:00  Ravager x2  
  128  8:03  Overlord  
  130  8:06  Roach  
  130  8:07  Roach  
  130  8:11  Roach x2  
  138  8:18  Overlord  
  138  8:19  Overlord x2  
  136  8:23  Roach  
  136  8:24  Roach  
  119  8:31  Roach x2  
  109  8:36  Drone x4  
  107  8:41  Drone  
  107  8:42  Drone x2  
  107  8:43  Drone  
  107  8:44  Drone  
  105  8:48  Zergling x2  
  105  8:49  Zergling x2  
  105  8:51  Roach  
  109  8:57  Roach  
  109  9:01  Roach x2  
  115  9:09  Roach x3  
  121  9:14  Roach x2  
  125  9:18  Roach x2  
  125  9:23  Roach x2  
  133  9:28  Zergling x2, Roach x2  
  138  9:34  Zergling x4, Roach  
  142  9:38  Ravager  
  142  9:39  Ravager x3  
  142  9:44  Zergling x10  
  144  9:53  Zergling x2, Roach  
  144  9:54  Ravager x2  
  144  9:59  Roach  
  150  10:03  Zergling x6  
  148  10:11  Roach x2  
Show
View Real Time Build Order
Export as new Build Order

Trap Protoss - Winner!

Build Orders: 1 Gate Expand, Mass Adepts 

Get SALT Encoding   

  12  0:00  Probe  
  13  0:13  Pylon  
  13  0:17  Probe (Chrono Boost)  
  14  0:27  Probe (Chrono Boost)  
  15  0:32  Probe (Chrono Boost)  
  16  0:41  Gateway  
  16  0:44  Probe  
  17  0:51  Assimilator  
  17  0:56  Probe  
  18  1:08  Probe  
  19  1:20  Probe  
  19  1:25  Nexus  
  20  1:35  Cybernetics Core  
  20  1:37  Probe  
  21  1:45  Assimilator  
  21  1:49  Probe  
  22  1:54  Pylon  
  23  2:01  Probe (Chrono Boost)  
  23  2:12  Adept  
  23  2:13  Probe (Chrono Boost), Warp Gate  
  26  2:22  Twilight Council, Probe (Chrono Boost)  
  27  2:28  Probe (Chrono Boost)  
  29  2:37  Probe (Chrono Boost)  
  29  2:42  Stalker  
  32  2:45  Probe (Chrono Boost)  
  32  2:46  Probe (Chrono Boost)  
  33  2:51  Probe (Chrono Boost)  
  33  2:52  Probe (Chrono Boost)  
  33  2:56  Robotics Facility  
  35  3:03  Probe  
  35  3:04  Gateway  
  36  3:06  Resonating Glaives (Chrono Boost), Probe  
  37  3:18  Adept  
  37  3:19  Probe x2  
  41  3:33  Gateway  
  41  3:34  Gateway, Probe x2  
  41  3:39  Warp Prism (Chrono Boost)  
  43  3:46  Pylon  
  46  4:04  Pylon  
  46  4:05  Gateway  
  46  4:06  Gateway  
  46  4:07  Adept x2  
  46  4:09  Observer  
  50  4:13  Pylon  
  50  4:14  Probe x2  
  52  4:21  Assimilator  
  52  4:27  Adept  
  52  4:28  Adept x3  
  60  4:32  Pylon  
  60  4:55  Adept x4  
  60  4:59  Adept  
  62  5:00  Adept  
  62  5:02  Pylon  
  64  5:08  Probe x2  
  64  5:10  Pylon  
  66  5:24  Adept x3  
  66  5:25  Adept x3  
  78  5:30  Pylon  
  78  5:33  Immortal (Chrono Boost)  
  72  6:02  Immortal (Chrono Boost)  
  70  6:08  Adept x4  
  82  6:13  Nexus  
  82  6:18  Pylon  
  78  6:20  Probe x2  
  80  6:32  Probe, Pylon  
  81  6:33  Immortal (Chrono Boost), Probe  
  78  6:45  Probe x2  
  78  6:48  Sentry  
  78  6:49  Adept x2, Sentry x2  
  78  6:50  Adept  
  90  6:55  Forge  
  90  6:57  Probe x2  
  92  7:01  Shield Battery  
  92  7:07  Warp Prism (Chrono Boost)  
  95  7:15  Probe x2  
  95  7:18  Shield Battery  
  95  7:21  Protoss Ground Weapons Level 1 (Chrono Boost)  
  96  7:24  Adept x4  
  104  7:36  Probe x3  
  107  7:39  Blink (Chrono Boost)  
  107  7:41  Assimilator  
  107  7:43  Observer  
  108  7:48  Probe  
  108  7:49  Pylon  
  109  7:52  Probe x2  
  109  7:58  Adept x5  
  117  8:01  Adept  
  123  8:09  Pylon  
  123  8:12  Pylon  
  123  8:18  Adept x4  
  108  8:27  Probe x3  
  108  8:29  Adept x2  
  105  8:35  Adept  
  105  8:36  Adept  
  107  8:42  Probe x3  
  104  8:49  Immortal (Chrono Boost)  
  104  8:55  Pylon, Shield Battery  
  108  8:57  Observer  
  108  9:07  Assimilator  
  108  9:10  Robotics Facility  
  108  9:12  Shield Battery  
  108  9:13  Shield Battery  
  108  9:16  Robotics Bay  
  108  9:20  Zealot, Sentry  
  108  9:22  Gateway  
  108  9:23  Gateway  
  111  9:27  Pylon  
  111  9:35  Shield Battery  
  111  9:38  Stalker x3  
  111  9:39  Stalker  
  119  9:54  Sentry x2  
  123  10:08  Stalker x4  
Tags
 
Add a new tag
Caveats
  • Supply blocks, unpowered buildings, or Contaminate may cause inaccurate times.
  • Supply counts are checked every 10 seconds.